PBL
DETROIT RED WINGS @ PARIS CUBS
08/13/2045
 
TOP OF THE 1ST
Detroit Red Wings batting - Pitching for Paris Cubs : RHP Bogdan Sdobnyakov
Pitching: RHP Bogdan Sdobnyakov
Batting: SHB Chris Wagler 0-0: Fly out, F7 (Flyball, 78D, EV 97.5 MPH)
Batting: RHB Kevin Steed 0-0: Ground out 1-3 (Groundball, P, EV 66.2 MPH)
Batting: RHB Tony Nunez 0-0: Called Strike
0-1: Ball
1-1: Called Strike
1-2: Foul Ball, location: 2F
1-2: Foul Ball, location: 2F
1-2: SINGLE (Groundball, 6MD, EV 103.8 MPH)
Batting: SHB Willie Medina 0-0: Called Strike
0-1: Fly out, F8 (Flyball, 8LD, EV 93.8 MPH)
Top of the 1st over - 0 runs, 1 hit, 0 errors, 1 left on base; Detroit 0 - Paris 0
BOTTOM OF THE 1ST
Paris Cubs batting - Pitching for Detroit Red Wings : LHP Estêvão Cavadas
Pitching: LHP Estêvão Cavadas
Batting: RHB Hugo Torrez 0-0: Called Strike
0-1: Ball
1-1: Ball
2-1: Ground out 1-3 (Groundball, 13S, EV 76.9 MPH)
Batting: RHB Eric Wiss 0-0: Ball
1-0: SINGLE (Groundball, 56D, EV 103.8 MPH) (infield hit)
Batting: LHB Emir Jalil 0-0: Ball
1-0: Ball
2-0: DOUBLE (Line Drive, 78D, EV 106.2 MPH)
Eric Wiss to third
Batting: RHB Roy Battist 0-0: Called Strike
0-1: Ball
1-1: Foul Ball, location: 2F
1-2: Ball
2-2: Ground out 6-3 (Groundball, 6MD, EV 76.9 MPH)
Eric Wiss scores
Emir Jalil to third
Batting: RHB Tim Long 0-0: SINGLE (Line Drive, 7S, EV 93.1 MPH)
Emir Jalil scores
Batting: RHB Josh Burns 0-0: Ball
1-0: Foul Ball, location: 2F
1-1: Fly out, F9 (Flyball, 89S, EV 81.9 MPH)
Bottom of the 1st over - 2 runs, 3 hits, 0 errors, 1 left on base; Detroit 0 - Paris 2
TOP OF THE 2ND
Detroit Red Wings batting - Pitching for Paris Cubs : RHP Bogdan Sdobnyakov
Batting: LHB Glen Boyle 0-0: Called Strike
0-1: Called Strike
0-2: Ball
1-2: Fly out, F8 (Line Drive, 8RD, EV 85.0 MPH)
Batting: RHB Norm Wood 0-0: Called Strike
0-1: Ball
1-1: Foul Ball, location: 2F
1-2: Ground out 5-3 (Groundball, P, EV 86.2 MPH)
Batting: LHB Steve Herrera 0-0: Called Strike
0-1: Ball
1-1: Foul Ball, location: 2F
1-2: Strikes out swinging
Top of the 2nd over - 0 runs, 0 hits, 0 errors, 0 left on base; Detroit 0 - Paris 2
BOTTOM OF THE 2ND
Paris Cubs batting - Pitching for Detroit Red Wings : LHP Estêvão Cavadas
Batting: RHB Josh Asch 0-0: Ball
1-0: Ball
2-0: Ball
3-0: Called Strike
3-1: Foul Ball, location: 2F
3-2: Base on Balls
Batting: RHB T.J. Garrison 0-0: Called Strike
0-1: Ball
1-1: Ball
2-1: Ball
3-1: Base on Balls
Josh Asch to second
Batting: RHB Andy Baumhardt 0-0: Grounds into double play, 6-4-3 (Groundball, 6, EV 100.6 MPH)
Josh Asch to third
Batting: RHB Hugo Torrez 0-0: Swinging Strike
0-1: Foul Ball, location: 2F
0-2: Ball
1-2: Ground out 5-3 (Groundball, 5, EV 84.4 MPH)
Bottom of the 2nd over - 0 runs, 0 hits, 0 errors, 1 left on base; Detroit 0 - Paris 2
TOP OF THE 3RD
Detroit Red Wings batting - Pitching for Paris Cubs : RHP Bogdan Sdobnyakov
Batting: LHB Isao Fukui 0-0: Called Strike
0-1: Foul Ball, location: 2F
0-2: Strikes out swinging
Batting: RHB Yankel Pensak 0-0: Ball
1-0: Ball
2-0: Called Strike
2-1: Swinging Strike
2-2: Strikes out looking
Batting: SHB Chris Wagler 0-0: Called Strike
0-1: DOUBLE (Flyball, 78D, EV 114.4 MPH)
Batting: RHB Kevin Steed 0-0: Ball
1-0: Called Strike
1-1: Ground out 6-3 (Groundball, 6, EV 88.1 MPH)
Top of the 3rd over - 0 runs, 1 hit, 0 errors, 1 left on base; Detroit 0 - Paris 2
BOTTOM OF THE 3RD
Paris Cubs batting - Pitching for Detroit Red Wings : LHP Estêvão Cavadas
Batting: RHB Eric Wiss 0-0: Foul Ball, location: 2F
0-1: Foul Ball, location: 2F
0-2: Foul Ball, location: 2F
0-2: Foul Ball, location: 2F
0-2: Foul Ball, location: 2F
0-2: Ball
1-2: Foul Ball, location: 2F
1-2: Foul Ball, location: 2F
1-2: Ground out 6-3 (Groundball, 56D, EV 103.1 MPH)
Batting: LHB Emir Jalil 0-0: Foul Ball, location: 2F
0-1: Called Strike
0-2: Ground out 1-3 (Groundball, 34S, EV 60.0 MPH)
Batting: RHB Roy Battist 0-0: Ball
1-0: Ball
2-0: Ball
3-0: Base on Balls
Batting: RHB Tim Long 0-0: Called Strike
0-1: Ball
1-1: Ball
2-1: DOUBLE (Flyball, 78D, EV 112.5 MPH)
Roy Battist to third
Batting: RHB Josh Burns 0-0: Ball
1-0: Ball
2-0: Ball
3-0: Foul Ball, location: 2F
3-1: Foul Ball, location: 2F
3-2: Foul Ball, location: 2F
3-2: Base on Balls
Batting: RHB Josh Asch 0-0: Foul Ball, location: 2F
0-1: SINGLE (Flyball, 56D, EV 92.5 MPH)
Roy Battist scores
Tim Long to third
Josh Burns to second
Runner from 3rd tries for Home, SAFE, throw by LF to home
Batting: RHB T.J. Garrison 0-0: Ball
1-0: Ball
2-0: Ball
3-0: Base on Balls
Josh Burns to third
Josh Asch to second
Batting: RHB Andy Baumhardt 0-0: Swinging Strike
0-1: Ball
1-1: Ball
2-1: Ball
3-1: Base on Balls
Josh Burns scores
Josh Asch to third
T.J. Garrison to second
Batting: RHB Hugo Torrez 0-0: Called Strike
0-1: Foul Ball, location: 2F
0-2: Ground out 5-3 (Groundball, 56, EV 106.2 MPH)
Bottom of the 3rd over - 3 runs, 2 hits, 0 errors, 3 left on base; Detroit 0 - Paris 5
TOP OF THE 4TH
Detroit Red Wings batting - Pitching for Paris Cubs : RHP Bogdan Sdobnyakov
Now at 2B: Eric Wiss
Now in CF: Adrian Cox
Batting: RHB Tony Nunez 0-0: Called Strike
0-1: Ball
1-1: Called Strike
1-2: Ground out 3-1 (Groundball, 34, EV 81.2 MPH)
Batting: SHB Willie Medina 0-0: Called Strike
0-1: Ball
1-1: SINGLE (Groundball, 56S, EV 60.6 MPH) (infield hit)
Batting: LHB Glen Boyle 0-0: Ball
1-0: Ball
2-0: Ball
3-0: Base on Balls
Willie Medina to second
Batting: RHB Norm Wood 0-0: Reached on error, E6 (Groundball, 6, EV 106.9 MPH)
Willie Medina to third
Glen Boyle to second
Batting: LHB Steve Herrera 0-0: Swinging Strike
0-1: Foul Ball, location: 2F
0-2: Ball
1-2: Strikes out looking
Batting: LHB Isao Fukui 0-0: Ball
1-0: Ball
2-0: Called Strike
2-1: Foul Ball, location: 2F
2-2: Foul Ball, location: 2F
2-2: Ball
3-2: Strikes out swinging
Top of the 4th over - 0 runs, 1 hit, 1 error, 3 left on base; Detroit 0 - Paris 5
BOTTOM OF THE 4TH
Paris Cubs batting - Pitching for Detroit Red Wings : LHP Estêvão Cavadas
Batting: RHB Eric Wiss 0-0: SINGLE (Line Drive, 7LS, EV 91.2 MPH)
Batting: LHB Emir Jalil 0-0: Called Strike
0-1: Grounds into double play, 4-6-3 (Groundball, 4, EV 83.8 MPH)
Batting: RHB Roy Battist 0-0: Called Strike
0-1: Ball
1-1: Foul Ball, location: 2F
1-2: Foul Ball, location: 2F
1-2: Strikes out looking
Bottom of the 4th over - 0 runs, 1 hit, 0 errors, 0 left on base; Detroit 0 - Paris 5
TOP OF THE 5TH
Detroit Red Wings batting - Pitching for Paris Cubs : RHP Bogdan Sdobnyakov
Batting: RHB Yankel Pensak 0-0: Called Strike
0-1: Ball
1-1: Foul Ball, location: 2F
1-2: Strikes out swinging
Batting: SHB Chris Wagler 0-0: Ball
1-0: Foul Ball, location: 2F
1-1: SINGLE (Groundball, 34D, EV 103.1 MPH)
Batting: RHB Kevin Steed 0-0: Ball
1-0: Fly out, F6 (Popup, 6S, EV 59.4 MPH)
Batting: RHB Tony Nunez 0-0: Swinging Strike
0-1: Ball
1-1: Ball
2-1: Called Strike
2-2: Strikes out swinging, 2-3 out at first.
Top of the 5th over - 0 runs, 1 hit, 0 errors, 1 left on base; Detroit 0 - Paris 5
BOTTOM OF THE 5TH
Paris Cubs batting - Pitching for Detroit Red Wings : LHP Estêvão Cavadas
Batting: RHB Adrian Cox 0-0: Called Strike
0-1: Fly out, F8 (Line Drive, 8RD, EV 95.0 MPH)
Batting: RHB Josh Burns 0-0: Ball
1-0: Called Strike
1-1: Ground out 4-3 (Groundball, 4, EV 85.0 MPH)
Batting: RHB Josh Asch 0-0: Ball
1-0: Called Strike
1-1: Foul Ball, location: 2F
1-2: Foul Ball, location: 2F
1-2: Ball
2-2: SINGLE (Groundball, 56D, EV 109.4 MPH)
Batting: RHB T.J. Garrison 0-0: Fielders Choice at 2nd, 6-4 (Groundball, 6, EV 85.6 MPH)
Bottom of the 5th over - 0 runs, 1 hit, 0 errors, 1 left on base; Detroit 0 - Paris 5
TOP OF THE 6TH
Detroit Red Wings batting - Pitching for Paris Cubs : RHP Bogdan Sdobnyakov
Pitching: RHP Jose Mata
Batting: SHB Willie Medina 0-0: Ball
1-0: Called Strike
1-1: Ball
2-1: Called Strike
2-2: Ball
3-2: Base on Balls
Batting: LHB Glen Boyle 0-0: Called Strike
0-1: Fly out, F8 (Line Drive, 8LM, EV 96.2 MPH)
Batting: RHB Norm Wood 0-0: Called Strike
0-1: Fly out, F4 (Flyball, 34D, EV 89.4 MPH)
Batting: LHB Steve Herrera 0-0: Called Strike
0-1: Ball
Willie Medina steals 2nd base
1-1: Ball
2-1: Fly out, F8 (Flyball, 8RD, EV 82.5 MPH)
Top of the 6th over - 0 runs, 0 hits, 0 errors, 1 left on base; Detroit 0 - Paris 5
BOTTOM OF THE 6TH
Paris Cubs batting - Pitching for Detroit Red Wings : LHP Estêvão Cavadas
Batting: RHB Andy Baumhardt 0-0: Ball
1-0: Ball
2-0: Ball
3-0: Base on Balls
Batting: RHB Hugo Torrez 0-0: Foul Ball, location: 2F
0-1: Swinging Strike
0-2: Ball
1-2: Ball
2-2: Ball
3-2: Base on Balls
Andy Baumhardt to second
Batting: RHB Eric Wiss 0-0: Ball
1-0: Ball
2-0: Ball
3-0: Called Strike
3-1: Foul Ball, location: 2F
3-2: Base on Balls
Andy Baumhardt to third
Hugo Torrez to second
Pitching: RHP Leon Benitez
Batting: LHB Emir Jalil 0-0: Ball
1-0: Swinging Strike
1-1: Foul Ball, location: 2F
1-2: Strikes out swinging
Batting: RHB Roy Battist 0-0: Called Strike
0-1: Ball
1-1: Ball
2-1: Foul Ball, location: 2F
2-2: SINGLE (Line Drive, 8RS, EV 96.2 MPH)
Andy Baumhardt scores
Hugo Torrez to third
Eric Wiss to second
Runner from 3rd tries for Home, throw by CF and OUT! 8-2
Batting: RHB Adrian Cox 0-0: Ball
Wild Pitch!
Eric Wiss to third
Roy Battist to second
1-0: 3-RUN HOME RUN (Flyball, 89XD, EV 113.8 MPH), Distance : 424 ft
Batting: RHB Josh Burns 0-0: Ball
1-0: Fly out, F9 (Flyball, 9D, EV 100.6 MPH)
Bottom of the 6th over - 4 runs, 2 hits, 0 errors, 0 left on base; Detroit 0 - Paris 9
TOP OF THE 7TH
Detroit Red Wings batting - Pitching for Paris Cubs : RHP Jose Mata
Batting: LHB Isao Fukui 0-0: Foul Ball, location: 2F
0-1: Ball
1-1: Ball
2-1: Foul Ball, location: 2F
2-2: Fly out, F2 (Popup, 2LF, EV 84.4 MPH)
Pitching: RHP Velimir Sljivancanin
Batting: RHB Yankel Pensak 0-0: Ball
1-0: Foul Ball, location: 2F
1-1: SINGLE (Flyball, 6MD, EV 96.2 MPH)
Batting: SHB Chris Wagler 0-0: Ball
1-0: Foul Ball, location: 2F
1-1: Ball
Yankel Pensak steals 2nd base
2-1: Foul Ball, location: 2F
2-2: Foul Ball, location: 2F
2-2: Strikes out looking
Batting: RHB Kevin Steed 0-0: Called Strike
0-1: Ball
1-1: Called Strike
1-2: Fly out, F4 (Popup, 3D, EV 44.4 MPH)
Top of the 7th over - 0 runs, 1 hit, 0 errors, 1 left on base; Detroit 0 - Paris 9
BOTTOM OF THE 7TH
Paris Cubs batting - Pitching for Detroit Red Wings : RHP Leon Benitez
Batting: RHB Josh Asch 0-0: Ball
1-0: SINGLE (Groundball, 6MD, EV 104.4 MPH)
Batting: RHB Juan Bonilla 0-0: Foul Ball, location: 2F
0-1: Foul Ball, location: 2F
0-2: Fly out, F7 (Line Drive, 7, EV 85.6 MPH)
Batting: RHB Andy Baumhardt 0-0: Fly out, F8 (Line Drive, 8LD, EV 111.9 MPH)
Batting: RHB Hugo Torrez 0-0: Foul Ball, location: 2F
0-1: Ball
1-1: Foul Ball, location: 2F
1-2: Ball
2-2: Foul Ball, location: 2F
2-2: Fly out, F9 (Flyball, 9LS, EV 90.6 MPH)
Bottom of the 7th over - 0 runs, 1 hit, 0 errors, 1 left on base; Detroit 0 - Paris 9
TOP OF THE 8TH
Detroit Red Wings batting - Pitching for Paris Cubs : RHP Velimir Sljivancanin
Batting: RHB Tony Nunez 0-0: Called Strike
0-1: Foul Ball, location: 2F
0-2: Ball
1-2: SINGLE (Line Drive, 7S, EV 94.4 MPH)
Batting: SHB Willie Medina 0-0: Called Strike
0-1: Ball
1-1: Ball
2-1: Swinging Strike
2-2: Ball
3-2: Strikes out swinging
Pitching: LHP Alex Gandarilla
Batting: LHB Glen Boyle 0-0: Ball
1-0: Foul Ball, location: 2F
1-1: Ball
2-1: Swinging Strike
2-2: Strikes out swinging
Batting: RHB Norm Wood 0-0: SINGLE (Groundball, 34S, EV 71.9 MPH) (infield hit)
Tony Nunez to second
Batting: LHB Steve Herrera 0-0: Ball
1-0: Foul Ball, location: 2F
1-1: Ball
2-1: Foul Ball, location: 2F
2-2: Ball
3-2: Ground out 1-3 (Groundball, 13S, EV 68.1 MPH)
Top of the 8th over - 0 runs, 2 hits, 0 errors, 2 left on base; Detroit 0 - Paris 9
BOTTOM OF THE 8TH
Paris Cubs batting - Pitching for Detroit Red Wings : RHP Leon Benitez
Batting: RHB Eric Wiss 0-0: Ball
1-0: SINGLE (Flyball, 8LS, EV 86.2 MPH)
Pinch Hitting: RHB Mike Larson 0-0: Ball
1-0: Foul Ball, location: 2F
1-1: Ball
2-1: Ball
3-1: Base on Balls
Eric Wiss to second
Batting: RHB Roy Battist 0-0: Ball
1-0: Ball
2-0: SINGLE (Line Drive, 6D, EV 94.4 MPH)
Eric Wiss to third
Mike Larson to second
Batting: RHB Adrian Cox 0-0: Called Strike
0-1: Ball
1-1: Ground out 6-3 (Groundball, 6S, EV 70.6 MPH)
Eric Wiss scores
Mike Larson to third
Roy Battist to second
Pitching: RHP Edwin Marquez
Pinch Hitting: RHB Chris Stec 0-0: Called Strike
0-1: Ball
1-1: Fly out, F9 (Flyball, 9LM, EV 91.9 MPH)
Runner from 3rd tags up, SCORES, throw by RF
Roy Battist to third
Batting: RHB Josh Asch 0-0: Foul Ball, location: 2F
0-1: Ball
1-1: Fly out, F7 (Flyball, 7LM, EV 73.1 MPH)
Bottom of the 8th over - 2 runs, 2 hits, 0 errors, 1 left on base; Detroit 0 - Paris 11
TOP OF THE 9TH
Detroit Red Wings batting - Pitching for Paris Cubs : LHP Alex Gandarilla
Now at 1B: Chris Stec
Now in CF: Mike Larson
Now in RF: Adrian Cox
Batting: LHB Isao Fukui 0-0: Ball
1-0: Fly out, F8 (Line Drive, 8LD, EV 93.1 MPH)
Pinch Hitting: SHB Eisse Wijnja 0-0: Ball
1-0: Foul Ball, location: 2F
1-1: Foul Ball, location: 2F
1-2: Foul Ball, location: 2F
1-2: Strikes out swinging
Pitching: RHP Angel Pesina
Batting: SHB Chris Wagler 0-0: Fly out, F8 (Flyball, 78D, EV 95.6 MPH)
Top of the 9th over - 0 runs, 0 hits, 0 errors, 0 left on base; Detroit 0 - Paris 11
Wednesday, June 22nd , 2022 - OOTP Baseball 23.4 Build 64